 Dungeon Crawl Stone Soup version 0.27-a0-679-g77a6b55cf3 (webtiles) character file.

Game seed: 18298468754915042480

688 rednaxela the Cleaver (level 7, -1/45 (53) HPs)
             Began as a Palentonga Gladiator on Mar 19, 2021.
             Was an Initiate of Hepliaklqana.
             Killed from afar by ShadowManNeo's ghost (4 damage)
             ... with a zap
             ... on level 4 of the Dungeon.
             The game lasted 00:10:31 (5556 turns).

rednaxela the Cleaver (Palentonga Gladiator)        Turns: 5556, Time: 00:10:32

HP:   -1/45 (53)    AC: 14    Str: 18    XL:     7   Next: 36%
MP:   7/7           EV: 10    Int:  8    God:    Hepliaklqana [......]
Gold: 164           SH:  0    Dex: 18    Spells: 6/6 levels left

rFire    . . .     SeeInvis +   a - +1 war axe
rCold    . . .     Faith    .   (no shield)
rNeg     . . .     Spirit   .   l - +2 robe "Meek" {rPois Dex+5}
rPois    +         Reflect  .   c - +0 helmet
rElec    .         Harm     .   (no cloak)
rCorr    .         Rampage  .   (no gloves)
Will     .....                  (no barding)
Stlth    ++........             (no amulet)
HPRegen  0.15/turn              (no ring)
MPRegen  0.10/turn              (no ring)

@: heavily drained, curled up
A: reduced essence, large, rugged brown scales 3, see invisible, deformed body,
roll 1, armoured tail, reflexive curl
a: Rolling Charge, Renounce Religion, Recall Ancestor, Ancestor Identity


You were on level 4 of the Dungeon.
You worshipped Hepliaklqana.
Hepliaklqana was noncommittal.
You visited 2 branches of the dungeon, and saw 6 of its levels.

You collected 164 gold pieces.

Inventory:

Hand Weapons
 a - a +1 war axe (weapon)
Missiles
 d - 3 throwing nets {!f}
 i - 30 poisoned darts (quivered)
Armour
 c - a +0 helmet (worn)
 l - the +2 robe "Meek" (worn) {rPois Dex+5}
   (You found it on level 5 of the Dungeon)

   It affects your dexterity (+5).
   It protects you from poison.
Scrolls
 b - a scroll of vulnerability
 g - a scroll of enchant weapon
 o - a scroll of holy word
 p - 2 scrolls of magic mapping {unknown}
Potions
 e - a potion of curing {unknown}
 f - a potion of lignification {unknown}
 h - a potion of brilliance {unknown}
 j - a potion of heal wounds {@q2 !q}
 k - a potion of berserk rage {unknown}
 m - a potion of might {unknown}
 n - a potion of flight {unknown}
 q - a potion of mutation {unknown}


   Skills:
 - Level 2.2 Fighting
 + Level 8.4 Axes
 - Level 1.6 Throwing
 - Level 2.5 Dodging


You had 6 spell levels left.
You didn't know any spells.
Your spell library contained the following spells:

 Spells                   Type           Power      Damage    Failure   Level
 Animate Skeleton         Necr           0%         N/A       41%         1
 Pain                     Necr           0%         1d4       41%         1
 Vampiric Draining        Necr           0%         2d6       78%         3
 Animate Dead             Necr           0%         N/A       99%         4
 Agony                    Necr           0%         N/A       100%        5


Dungeon Overview and Level Annotations

Branches:
Dungeon (5/15)             Temple (1/1) D:4

Altars:
Ashenzari
Cheibriados
Dithmenos
Elyvilon
Fedhas
Hepliaklqana
Kikubaaqudgha
Makhleb
Nemelex Xobeh
Qazlal
Ru
Sif Muna
Trog
Uskayaw
Vehumet
Wu Jian
Xom
Yredelemnul
The Shining One

Annotations:
D:4 ShadowManNeo's ghost, amateur DrAE


Innate Abilities, Weirdness & Mutations

Your life essence is reduced to manifest your ancestor. (-10% HP)
You are completely covered in rugged brown scales. (AC +3, +7% HP)
You have supernaturally acute eyesight. (SInv)
Armour fits poorly on your strangely shaped body.
You can roll at nearby foes to attack.
You have a long armoured tail.
You curl defensively after being hit.


Message History

Moving in this stuff is going to be slow.
You enter the shallow water.
Moving in this stuff is going to be slow.
You enter the shallow water.
Moving in this stuff is going to be slow.
You enter the shallow water.
Moving in this stuff is going to be slow.
You enter the shallow water.
Moving in this stuff is going to be slow.
You enter the shallow water.
Moving in this stuff is going to be slow.
The kobold shouts! x3
ShadowManNeo's ghost turns its malevolent gaze towards you.
You hear a shout!
The kobold shouts!
The kobold shouts!
The kobold shouts!
Could not explore, unopened runed door.
As you open the gate, it creaks loudly! The kobold hits you with a +0 dagger.
The kobold hits you but does no damage.
You are electrocuted!
ShadowManNeo's ghost hits Simosihle.
The kobold throws a poisoned dart.
The poisoned dart hits you!
The kobold throws a stone.
The stone hits you but does no damage.
Simosihle hits the kobold but does no damage.
ShadowManNeo's ghost hits Simosihle.
You slash the kobold!
You kill the kobold!
You hit the kobold.
Simosihle hits the kobold.
The kobold dies!
ShadowManNeo's ghost hits Simosihle.
The kobold closely misses Simosihle.
The kobold throws a stone.
The stone hits you.
Simosihle completely misses ShadowManNeo's ghost.
ShadowManNeo's ghost closely misses Simosihle.
The kobold brigand throws a curare-tipped dart.
The curare-tipped dart hits you.
Okay, then.
The kobold hits Simosihle.
The kobold throws a stone.
The stone hits you but does no damage.
Simosihle hits the kobold.
ShadowManNeo's ghost hits Simosihle.
You completely miss the kobold brigand. You tail-slap the kobold brigand!
The kobold brigand is moderately wounded.
The kobold hits Simosihle.
The kobold brigand hits you but does no damage.
You feel drained.
Simosihle hits the kobold.
The kobold dies!
Press: ? - help, v - describe, . - travel
Here: a kobold brigand, wielding the +6 whip of Ruination {drain, *Corrode rElec Will+ SInv} and quivering curare-tipped darts (moderately wounded, ally target)
The floor.
Unknown command.
You closely miss the kobold brigand.
The kobold brigand is moderately wounded.
The kobold brigand hits you with the +6 whip of Ruination {drain, *Corrode rElec Will+ SInv}.
You feel drained.
Simosihle hits the kobold but does no damage.
ShadowManNeo's ghost barely misses Simosihle.
You closely miss the kobold brigand.
The kobold brigand is moderately wounded.
The kobold brigand hits you with the +6 whip of Ruination {drain, *Corrode rElec Will+ SInv}!
* * * LOW HITPOINT WARNING * * *
You feel drained.
* * * LOW HITPOINT WARNING * * *
Simosihle hits the kobold.
The kobold dies!
You hit the kobold brigand.
The kobold brigand is heavily wounded.
The kobold brigand hits you with the +6 whip of Ruination {drain, *Corrode rElec Will+ SInv}.
* * * LOW HITPOINT WARNING * * *
You feel drained.
Simosihle hits ShadowManNeo's ghost.
The kobold barely misses Simosihle.
You slash the kobold brigand!
The kobold brigand is severely wounded.
The kobold brigand hits you with the +6 whip of Ruination {drain, *Corrode rElec Will+ SInv}!
* * * LOW HITPOINT WARNING * * *
You feel drained.
* * * LOW HITPOINT WARNING * * *
Simosihle hits ShadowManNeo's ghost but does no damage.
The kobold closely misses Simosihle.
You hit the kobold brigand.
The kobold brigand is almost dead.
The kobold brigand closely misses you.
Simosihle hits ShadowManNeo's ghost.
The kobold hits Simosihle but does no damage.
Space bends around Simosihle.
You closely miss the kobold brigand.
The kobold brigand is almost dead.
The kobold brigand hits you with the +6 whip of Ruination {drain, *Corrode rElec Will+ SInv}!
* * * LOW HITPOINT WARNING * * *
You feel drained.
* * * LOW HITPOINT WARNING * * *
Simosihle hits ShadowManNeo's ghost but does no damage.
The kobold hits Simosihle with a +0 whip of distortion.
Simosihle blinks!
The kobold brigand barely misses you.
You hit the kobold brigand. You tail-slap the kobold brigand.
You kill the kobold brigand!
ShadowManNeo's ghost gestures at you while chanting.
The zap hits you.
* * * LOW HITPOINT WARNING * * *
The zap hits you.
You die...

#.# #.......# ####### #.#
##.#≈#####((.##
#.#####.≈≈.###.....##
#..).....≈.##..#.#..#
#..≈≈≈......#8.#.#.8#
##≈≈≈##..###.#..#.#..########
###≈≈.###.#....##KK...##......#
..≈≈....≈≈...#..##K('##..####.#
###.≈≈≈..≈≈..#..@WKK......###.###
####.#≈##.≈≈...####.##.#.........
.....#≈##......####.###...###.###
#.##.######...###.....##.####.#
...#.# #..^# #.....##......#
.....# #...# #.........#####
.....# #...###.....#.#.# ####
#...#######...........#.#.# #...
#.#..................##.#.######'


You could see ShadowManNeo's ghost and 5 kobolds.

Vanquished Creatures
  Menkaure (D:4)
  A sky beast (D:5)
  A kobold brigand (D:4)
  3 hounds (D:5)
  A bullfrog skeleton (D:4)
  A centaur skeleton (D:4)
  3 orc wizards (D:5)
  A worker ant (D:5)
  3 gnolls (D:3)
  7 adders
  A white imp (D:5)
  2 worms (D:2)
  4 leopard geckos
  11 orcs
  A ball python (D:4)
  3 giant cockroaches
  9 goblins
  6 hobgoblins
  8 jackals
  6 kobolds
  9 bats
  3 frilled lizards
  8 rats
93 creatures vanquished.

Vanquished Creatures (collateral kills)
  A worker ant (D:4)
  An adder (D:4)
  3 kobolds (D:4)
5 creatures vanquished.

Vanquished Creatures (others)
  A fungus (D:4)
  3 plants (D:4)
4 creatures vanquished.

Grand Total: 102 creatures vanquished

Notes
Turn   | Place    | Note
-------+----------+-------------------------------------------
     0 | D:1      | rednaxela the Palentonga Gladiator began the quest for the
                  | Orb.
     0 | D:1      | Reached XP level 1. HP: 18/18 MP: 1/1
   158 | D:1      | Reached XP level 2. HP: 25/25 MP: 2/2
  1177 | D:2      | Found a shadowy altar of Dithmenos.
  1199 | D:2      | Reached XP level 3. HP: 31/31 MP: 3/3
  1461 | D:2      | Reached skill level 4 in Axes
  1999 | D:3      | Reached XP level 4. HP: 38/38 MP: 4/4
  2444 | D:3      | Reached skill level 5 in Axes
  2775 | D:3      | Reached XP level 5. HP: 10/43 MP: 5/5
  3515 | D:4      | Noticed Menkaure
  3703 | D:5      | Entered Level 5 of the Dungeon
  3712 | D:5      | Reached skill level 6 in Axes
  3740 | D:5      | Identified the +2 robe "Meek" {rPois Dex+5}
  3857 | D:5      | Reached XP level 6. HP: 37/51 MP: 6/6
  3944 | D:5      | Noticed an ice beast
  4048 | D:5      | Noticed a sky beast
  4067 | D:5      | Killed a sky beast
  4068 | D:5      | Reached skill level 7 in Axes
  4351 | D:4      | Gained mutation: You curl defensively after being hit.
                  | [Palentonga growth]
  4351 | D:4      | Reached XP level 7. HP: 57/58 MP: 7/7
  4430 | D:4      | Found a staircase to the Ecumenical Temple.
  4438 | Temple   | Entered the Ecumenical Temple
  4663 | Temple   | Became a worshipper of Hepliaklqana the Forgotten
  4755 | D:4      | Killed Menkaure
  4756 | D:4      | Reached skill level 8 in Axes
  4902 | D:4      | Found a runed translucent gate.
  4903 | D:4      | Found a runed translucent gate.
  4904 | D:4      | Found a runed translucent gate.
  4905 | D:4      | Identified the +6 whip of Ruination {drain, *Corrode rElec
                  | Will+ SInv}
  4905 | D:4      | Noticed ShadowManNeo's ghost (amateur DrAE)
  5556 | D:4      | Killed from afar by ShadowManNeo's ghost

Illustrated notes

Levels and vault maps discovered:
D:1:      giann_bridges, layout_basic
D:2:      layout_rooms, nicolae_dithmenos_through_a_glass_darkly
D:3:      layout_basic
D:4:      layout_loops_cross, minmay_temple_entry_fiery,
          gammafunk_ghost_nasty_kobolds, serial_rivers,
          chequers_serial_rivers_room_a, chequers_serial_rivers_large_a,
          chequers_serial_rivers_small_b, chequers_serial_rivers_room_b,
          chequers_serial_rivers_micro_d, uniq_menkaure
D:5:      minmay_skewed_foursquare, layout_loops_ring, minmay_diced_spiral
Temple:   eino_narrow_crystal_temple

Skill      XL: |  1  2  3  4  5  6  7 |
---------------+----------------------+-----
Axes           | 4 5 6 7 8 |  8.4
Fighting       | |  2.2
Throwing       | |  1.6
Dodging        | |  2.5

Action                   |  1- 3 |  4- 6 |  7- 9 || total
-------------------------+-------+-------+-------++-------
Melee: War axe           |   133 |   157 |    24 ||   314
       Tailslap          |    11 |    18 |     5 ||    34
Throw: Dart              |       |     3 |       ||     3
 Abil: Rolling Charge    |     3 |       |       ||     3
  Use: Scroll            |     2 |     5 |       ||     7
       Potion            |       |       |     1 ||     1
 Stab: Sleeping          |       |     1 |     1 ||     2
Armor: Ring mail         |    61 |    39 |       ||   100
       Robe              |       |    28 |     4 ||    32
Dodge: Dodged            |    73 |    88 |    12 ||   173

Table legend: (Time is in decaauts)
 A = Elapsed time spent in this place.
 B = Non-inter-level travel time spent in this place.
 C = Inter-level travel time spent in this place.
 D = Time resting spent in this place.
 E = Time spent auto-exploring this place.
 F = Levels seen in this place.
 G = Mean time per level.
                   A        B        C        D        E       F      G
               +--------+--------+--------+--------+--------+-----+--------+
         Total |   5656 |   5434 |    222 |    289 |   4181 |   6 |  942.7 |
       Dungeon |   5415 |   5227 |    188 |    289 |   3977 |   5 | 1083.0 |
        Temple |    240 |    206 |     34 |      0 |    204 |   1 |  240.0 |
               +--------+--------+--------+--------+--------+-----+--------+

Top non-repeatable levels by time:
     D:3: 1642 daAuts
     D:4: 1261 daAuts
     D:1: 1174 daAuts
     D:2: 862 daAuts
     D:5: 474 daAuts
  Temple: 240 daAuts
